 Dungeon Crawl Stone Soup version 0.18.1-50-g88ac8fd (webtiles) character file.

422 Chiseanne the Gusty (level 6, -3/50 HPs)
             Began as a Centaur Air Elementalist on Oct 4, 2016.
             Was an Initiate of Gozag.
             Slain by a mummy (14 damage)
             ... in an ossuary.
             The game lasted 00:17:54 (5540 turns).

Chiseanne the Gusty (Centaur Air Elementalist)      Turns: 5540, Time: 00:17:55

Health: -3/50      AC:  4    Str: 11    XL:     6   Next: 63%
Magic:  2/9        EV:  9    Int: 16    God:    Gozag
Gold:   226        SH:  2    Dex:  9    Spells: 2 memorised, 5 levels left

rFire  + + .     SeeInvis .     g - +0 hand axe
rCold  . . .     Gourm    .     r - +0 robe {rF+}
rNeg   . . .     Faith    .     f - -2 buckler
rPois  .         Spirit   .     (no helmet)
rElec  .         Dismiss  .     (no cloak)
rCorr  .         Reflect  .     (no gloves)
SustAt .         Harm     .     (no barding)
MR     .....                    a - amulet of magic regeneration
Stlth  +.........               (no ring)
                                o - ring of protection from fire

@: very slightly contaminated, very quick, not resistant to hostile
enchantments, very unstealthy
A: hooves 3, deformed body, speed 2, tough skin 3
a: Potion Petition, Call Merchant, Bribe Branch, Renounce Religion


You were in an ossuary.
You worshipped Gozag.
Gozag was noncommittal.
You were not hungry.

You visited 2 branches of the dungeon, and saw 5 of its levels.
You also visited: Ossuary.

You collected 300 gold pieces.
You paid 74 gold pieces to Gozag.

Inventory:

Hand Weapons
 g - a +0 hand axe (weapon)
Missiles
 d - 13 poisoned needles
 e - 114 stones (quivered)
 j - 28 bolts
 l - 46 arrows
 p - 18 sling bullets
Armour
 f - a -2 buckler (worn)
 r - a +0 robe of fire resistance (worn)
 v - a +0 shield
Jewellery
 a - an amulet of magic regeneration (around neck)
 o - a ring of protection from fire (left hand)
 w - an uncursed amulet of guardian spirit {unknown}
Wands
 q - a wand of polymorph (6/24)
 x - a wand of disintegration (14/24)
Scrolls
 h - 2 scrolls of immolation
 y - a scroll of identify
Potions
 i - a potion of degeneration {unknown}
 m - a potion of might {unknown}
 s - 3 potions of curing
 u - a potion of cure mutation {unknown}
Books
 b - a book of Air

   Spells                             Type                      Level
   a - Shock                          Conjuration/Air              1
   b - Swiftness                      Charms/Air                   2
   c - Repel Missiles                 Charms/Air                   2
   d - Static Discharge               Conjuration/Air              3
   e - Lightning Bolt                 Conjuration/Air              5
Comestibles
 c - 2 bread rations


   Skills:
 - Level 2.6 Fighting
 - Level 1.3 Dodging
 - Level 1.2 Stealth
 - Level 3.2 Shields
 * Level 2.3 Spellcasting
 * Level 2.2 Conjurations
 * Level 3.4 Air Magic


You had 5 spell levels left.
You knew the following spells:

 Your Spells              Type           Power        Failure   Level  Hunger
a - Shock                 Conj/Air       ##..         10%         1    #......
b - Static Discharge      Conj/Air       ##......     21%         3    ###....


Dungeon Overview and Level Annotations

Branches:
Dungeon (4/15)             Temple (1/1) D:4

Altars:
Ashenzari
Dithmenos
Elyvilon
Gozag
Kikubaaqudgha
Makhleb
Okawaru
Ru
Vehumet
Xom
Yredelemnul
Zin

Shops:
D:4 (

Annotations:
D:3 HopefulHyena's ghost, amateur KoFi; Sigmund


Innate Abilities, Weirdness & Mutations

You have hooves in place of feet.
Armour fits poorly on your strangely shaped body.
You cover ground very quickly.
You have extremely tough skin (AC +3).


Message History

You miscast Shock.
You are momentarily dazzled by a flash of light!
Casting: Shock
Confirm with . or Enter, or press ? or * to list all spells.
Aiming: Shock
Press: ? - help, Shift-Dir - straight line, f/p - elf zombie
Aim: an elf zombie The zap hits the elf zombie.
The human zombie is distracted by the nearby gold.
Press: ? - help, v - describe, . - travel
Here: an elf zombie The floor.
Unknown command.
Unknown command.
The mummy hits you but does no damage.
You see here 6 gold pieces.
You now have 226 gold pieces (gained 6).
The mummy hits you!
You die...
Your body crumbles into a pile of gold.

#...#.......####.#...#
#...#............#...#
#...#Z####..####.#Z..#
#...#.#..#..# #...#
#...#ZZ..#..# #...#
#...######..######...#
#................Z...#
#........8..8........#
#......$...@.........#
#.........M..........#
######################


You could see a mummy and an elf zombie.

Vanquished Creatures
  2 elf zombies (Ossuary)
  A scorpion (D:4)
  A centaur zombie (Ossuary)
  Jessica (D:3)
  A worker ant (D:4)
  2 big kobold zombies (Ossuary)
  A hound skeleton (D:4)
  3 adders (D:2)
  2 worms
  A giant gecko (D:4)
  7 orcs
  7 bats
  A giant cockroach (D:4)
  7 goblins
  6 hobgoblins
  3 jackals (D:2)
  8 kobolds
  A quokka (D:2)
  A ball python (D:4)
  3 giant newts (D:1)
  11 hobgoblin zombies
  9 kobold zombies (Ossuary)
  3 orc zombies (Ossuary)
  5 rats
  2 rat zombies (Ossuary)
89 creatures vanquished.

Notes
Turn   | Place    | Note
--------------------------------------------------------------
     0 | D:1      | Chiseanne the Centaur Air Elementalist began the quest for the Orb.
     0 | D:1      | Reached XP level 1. HP: 14/14 MP: 3/3
    17 | D:1      | Reached skill level 1 in Conjurations
   407 | D:1      | Reached skill level 1 in Fighting
   408 | D:1      | Reached XP level 2. HP: 11/23 MP: 0/4
  1956 | D:2      | Reached XP level 3. HP: 25/30 MP: 0/5
  2275 | D:2      | Found a shadowy altar of Dithmenos.
  2513 | D:2      | Reached skill level 1 in Shields
  2897 | D:2      | Reached XP level 4. HP: 37/37 MP: 3/6
  2988 | D:3      | Noticed Jessica
  2995 | D:3      | Killed Jessica
  3254 | D:3      | Noticed Sigmund
  3617 | D:3      | Learned a level 3 spell: Static Discharge
  3652 | D:3      | Noticed HopefulHyena's ghost (amateur KoFi)
  4341 | D:4      | Reached XP level 5. HP: 19/42 MP: 3/7
  4509 | D:4      | Found a staircase to the Ecumenical Temple.
  4514 | Temple   | Entered the Ecumenical Temple
  4518 | Temple   | Became a worshipper of Gozag Ym Sagoz the Greedy
  4629 | D:4      | Found Dove's Weapon Shop.
  4642 | D:4      | Found a sand-covered staircase.
  4691 | Ossuary  | Entered an ossuary
  5302 | Ossuary  | Reached XP level 6. HP: 20/50 MP: 3/8
  5540 | Ossuary  | Slain by a mummy

Skill      XL: |  1  2  3  4  5  6 |
---------------+-------------------+-----
Conjurations   | 1 2 |  2.2
Fighting       | 1 2 |  2.6
Shields        | 1 2 3 |  3.2
Air Magic      | 3 |  3.4
Spellcasting   | 2 |  2.3
Dodging        | |  1.3
Stealth        | |  1.2

Action                   |  1- 3 |  4- 6 || total
-------------------------+-------+-------++-------
Melee: Club              |    51 |       ||    51
       Kick              |    14 |    20 ||    34
       Hand axe          |    48 |    86 ||   134
 Cast: Shock             |    66 |   182 ||   248
Evoke: Wand              |       |     2 ||     2
  Use: Scroll            |     7 |     2 ||     9
       Potion            |       |     1 ||     1
 Stab: Distracted        |       |     2 ||     2
  Eat: Chunk             |     7 |     6 ||    13
       Fruit             |       |     2 ||     2
       Bread ration      |       |     1 ||     1
       Beef jerky        |       |     1 ||     1
Armor: Robe              |    71 |    44 ||   115
Dodge: Dodged            |    91 |    85 ||   176
Block: Buckler           |       |    11 ||    11
